 Dungeon Crawl Stone Soup version 0.29.0-4-gdea44cf6ec (webtiles) character file.

Game seed: 3727614389273864811

658 qw the Cleaver (level 7, -1/35 (41) HPs)
             Began as a Tengu Warper on Aug 28, 2022.
             Slain by a wight
             ... wielding a +0 dagger
              (5 damage)
             ... on level 5 of the Dungeon.
             The game lasted 00:00:42 (5094 turns).

qw the Cleaver (Tengu Warper)                       Turns: 5094, Time: 00:00:43

HP:   -1/35 (41)    AC:  8    Str: 14    XL:     7   Next: 55%
MP:   11/11         EV:  7    Int: 13    God:
Gold: 315           SH:  0    Dex: 13    Spells: 10/10 levels left

rFire   + . .      SeeInvis .   a - +1 hand axe (spect)
rCold   . . .      Faith    .   (no shield)
rNeg    . . .      Spirit   .   c - +0 chain mail
rPois   .          Reflect  .   (helmet restricted)
rElec   .          Harm     .   (no cloak)
rCorr   +          Rampage  .   (no gloves)
Will    .....                   (boots unavailable)
Stlth   ..........              (no amulet)
HPRegen 0.11/turn               e - ring of resist corrosion
MPRegen 0.12/turn               i - ring of protection from fire

@: flying quickly and evasively, heavily drained, quick
A: beak, talons 3, nimble flight
a: no special abilities


You were on level 5 of the Dungeon.
You visited 1 branch of the dungeon, and saw 5 of its levels.

You collected 315 gold pieces.


Innate Abilities, Weirdness & Mutations

You have a beak for a mouth.
You have claws for feet.
Your magical nature lets you fly swiftly and evasively.


   Skills:
 - Level 3.0 Fighting
 + Level 8.1 Axes
 - Level 2.2 Throwing
 - Level 2.0 Armour
 - Level 2.1 Dodging
 - Level 2.0 Spellcasting
 - Level 2.4 Translocations


You had 10 spell levels left.
You didn't know any spells.
Your spell library contained the following spells:

 Spells                   Type           Power      Damage    Failure   Level
 Blink                    Tloc           14%        N/A       98%         2
 Gell's Gravitas          Tloc           7%         N/A       100%        3
 Lesser Beckoning         Tloc           7%         N/A       100%        3
 Teleport Other           Tloc           7%         N/A       100%        3
 Manifold Assault         Tloc           7%         N/A       100%        5

Inventory:

Hand Weapons
 a - a +1 spectral hand axe (weapon)
 b - a +0 flail
Missiles
 f - 6 javelins (quivered)
Armour
 c - a +0 chain mail (worn)
Jewellery
 e - a ring of resist corrosion (left hand)
 i - a ring of protection from fire (right hand)
Scrolls
 h - a scroll of identify
Potions
 d - a potion of resistance
 j - a potion of degeneration {unknown}
 l - a potion of invisibility {unknown}
 m - a potion of curing

Dungeon Overview and Level Annotations

Branches:
Dungeon (5/15)
 Temple: D:4-7

Altars:
Qazlal
Vehumet
Wu Jian
Yredelemnul


Message History

Enter note: A wight comes into view.
It is wielding a +1 halberd. 2 wights come into view.
Found a stone staircase leading up.
The wight hits you from afar with a +0 halberd!
You feel drained.
A wight comes into view. It is wielding a +5 spear of freezing.
The wight hits you with a +0 halberd!
You hit the wight but do no damage. You claw the wight, but do no damage.
Your +1 spectral hand axe hits the wight.
The wight hits you with a +0 halberd.
You feel drained.
You hit the wight but do no damage. Your kick misses the wight.
You peck the wight.
The wight is heavily damaged.
You hit the wight but do no damage.
Your +1 spectral hand axe hits the wight. x2
The wight completely misses you.
The wight hits you from afar with a +1 halberd!
You feel drained. The wight barely misses you.
5092 ||| DRINKING potion of heal wounds.
You feel much better. The wight hits you with a +0 dagger.
The wight hits you but does no damage. The wight closely misses you. x2
You slash the wight!
The wight is almost destroyed.
You hit the wight but do no damage. You hit the wight.
Your +1 spectral hand axe hits the wight.
Your +1 spectral hand axe closely misses the wight.
Your +1 spectral hand axe hits the wight.
The wight hits you with a +0 halberd!
The wight hits you from afar with a +1 halberd!
You feel drained. The wight hits you but does no damage.
The wight hits your +1 spectral hand axe with a +4 battleaxe.
Your spectral weapon shares its damage with you!
You hit the wight.
You destroy the wight!
You hit the wight but do no damage. You barely miss the wight.
Your +1 spectral hand axe hits the wight!
The wight hits you with a +0 dagger.
You die...

#..........
.......... ..
......####.<
#...........
#<..<.......
##.......... #
#..........
#...#..(......#
......ยค@z......
.....zz.).....#
#....#.z..##...
##........# .#
#.......... .
#...........
####...#.....
#... ....#.


You could see 4 wights and a friendly +1 spectral hand axe (summoned).

Vanquished Creatures
  An ogre (D:4)
  A phantom (D:4)
  A scorpion (D:4)
  A necrophage (D:4)
  A wight (D:5)
  2 jellies
  3 orc priests
  2 iguanas
  An orc wizard (D:3)
  A gnoll (D:1)
  4 adders
  An ufetubus (D:4)
  A worm (D:2)
  2 dart slugs (D:3)
  10 orcs
  7 ball pythons
  10 endoplasms
  6 giant cockroaches
  14 goblins
  3 hobgoblins (D:2)
  4 quokkas
  6 bats
  4 frilled lizards
  8 kobolds
  3 rats
97 creatures vanquished.

Notes
Turn   | Place    | Note
-------+----------+-------------------------------------------
     0 | D:1      | qw the Tengu Warper began the quest for the Orb.
     0 | D:1      | Reached XP level 1. HP: 12/12 MP: 4/4
     0 | D:1      | 0 ||| qw: Version: 0.1-a-89-g26bdef1
     0 | D:1      | 0 ||| qw: Game counter: 996
     0 | D:1      | 0 ||| qw: Always use a shield: true
     0 | D:1      | 0 ||| qw: God list: Okawaru
     0 | D:1      | 0 ||| qw: Allow faded altars: false
     0 | D:1      | 0 ||| qw: Do Orc after D:15 true
     0 | D:1      | 0 ||| qw: Do second Lair branch before Depths: true
     0 | D:1      | 0 ||| qw: Lair rune preference: random
     0 | D:1      | 0 ||| qw: Plans: Normal
     0 | D:1      | 0 ||| PLANNING D:1-11
   129 | D:1      | Reached skill level 3 in Axes
   129 | D:1      | Reached XP level 2. HP: 14/17 MP: 6/6
   225 | D:1      | 225 ||| Stepping ~*~*~tactically~*~*~ (stealth).
   478 | D:1      | Reached XP level 3. HP: 18/21 MP: 7/7
   642 | D:1      | Reached skill level 4 in Axes
   679 | D:1      | Found a faded altar of an unknown god.
   725 | D:1      | 725 ||| Stepping ~*~*~tactically~*~*~ (stealth).
   727 | D:1      | 727 ||| Stepping ~*~*~tactically~*~*~ (stealth).
   787 | D:1      | 787 ||| UPGRADING to +0 ring mail.
   797 | D:1      | 797 ||| DROPPING +0 leather armour.
   798 | D:1      | 798 ||| UPGRADING to ring of resist corrosion.
   799 | D:1      | 799 ||| READING scroll labelled DAOVOA HIRONT.
   800 | D:1      | 800 ||| READING 2 scrolls labelled IXOVUKH JIUTI.
   801 | D:1      | 801 ||| READING scroll labelled GYILITHR GAVACE.
   802 | D:1      | 802 ||| DROPPING scroll of blinking.
   803 | D:1      | 803 ||| DROPPING scroll of vulnerability.
  1277 | D:2      | Identified the +1 pair of boots "Com Taif" {Will- Int+2
                  | Slay+5}
  1477 | D:2      | Reached XP level 4. HP: 26/26 MP: 8/8
  1754 | D:2      | 1754 ||| DROPPING +0 club.
  1761 | D:2      | 1761 ||| READING scroll of brand weapon.
  1761 | D:2      | 1761 ||| BRANDING +1 hand axe of freezing.
  1828 | D:2      | 1828 ||| UPGRADING to +0 chain mail.
  1834 | D:2      | Reached skill level 5 in Axes
  1864 | D:2      | 1864 ||| UPGRADING to +0 chain mail.
  1869 | D:2      | 1869 ||| DROPPING +0 ring mail.
  2057 | D:2      | 2057 ||| READING 2 scrolls labelled SEBURU TAZE.
  2062 | D:2      | 2062 ||| READING scroll labelled CEFUR HIERPH.
  2063 | D:2      | 2063 ||| READING scroll labelled CUXINE NIMPU.
  2184 | D:3      | 2184 ||| READING scroll of teleportation.
  2441 | D:3      | 2441 ||| Stepping ~*~*~tactically~*~*~ (stealth).
  2442 | D:3      | 2442 ||| Stepping ~*~*~tactically~*~*~ (stealth).
  2452 | D:3      | 2452 ||| Stepping ~*~*~tactically~*~*~ (stealth).
  2453 | D:3      | 2453 ||| Stepping ~*~*~tactically~*~*~ (stealth).
  2455 | D:3      | 2455 ||| Stepping ~*~*~tactically~*~*~ (stealth).
  2456 | D:3      | 2456 ||| Stepping ~*~*~tactically~*~*~ (stealth).
  2482 | D:3      | 2482 ||| READING scroll labelled WYUMAT OGAFO.
  2487 | D:3      | Gained mutation: Your magical nature lets you fly swiftly
                  | and evasively. [Tengu growth]
  2487 | D:3      | Reached XP level 5. HP: 30/30 MP: 9/9
  2498 | D:3      | 2498 ||| FLEEEEING.
  2500 | D:3      | Reached skill level 6 in Axes
  2500 | D:3      | 2500 ||| FLEEEEING.
  2501 | D:3      | 2501 ||| FLEEEEING.
  2502 | D:3      | 2502 ||| FLEEEEING.
  2503 | D:3      | 2503 ||| FLEEEEING.
  2505 | D:3      | 2505 ||| FLEEEEING.
  2506 | D:3      | 2506 ||| FLEEEEING.
  2507 | D:3      | 2507 ||| FLEEEEING.
  2508 | D:3      | 2508 ||| FLEEEEING.
  2509 | D:3      | 2509 ||| FLEEEEING.
  2510 | D:3      | 2510 ||| FLEEEEING.
  2511 | D:3      | 2511 ||| FLEEEEING.
  2512 | D:3      | 2512 ||| FLEEEEING.
  2513 | D:3      | 2513 ||| FLEEEEING.
  2514 | D:3      | 2514 ||| FLEEEEING.
  2515 | D:3      | 2515 ||| FLEEEEING.
  2516 | D:3      | 2516 ||| FLEEEEING.
  2517 | D:3      | 2517 ||| FLEEEEING.
  2518 | D:3      | 2518 ||| FLEEEEING.
  2519 | D:3      | 2519 ||| FLEEEEING.
  2520 | D:3      | 2520 ||| FLEEEEING.
  2521 | D:3      | 2521 ||| FLEEEEING.
  2522 | D:3      | 2522 ||| FLEEEEING.
  2525 | D:3      | 2525 ||| FLEEEEING.
  2526 | D:3      | 2526 ||| FLEEEEING.
  2541 | D:3      | 2541 ||| FLEEEEING.
  2542 | D:3      | 2542 ||| FLEEEEING.
  2543 | D:3      | 2543 ||| FLEEEEING.
  2544 | D:3      | 2544 ||| FLEEEEING.
  2545 | D:3      | 2545 ||| FLEEEEING.
  2546 | D:3      | 2546 ||| FLEEEEING.
  2547 | D:3      | 2547 ||| FLEEEEING.
  2548 | D:3      | 2548 ||| FLEEEEING.
  2549 | D:3      | 2549 ||| FLEEEEING.
  2550 | D:3      | 2550 ||| FLEEEEING.
  2551 | D:3      | 2551 ||| FLEEEEING.
  2576 | D:3      | 2576 ||| Stepping ~*~*~tactically~*~*~ (hiding).
  2577 | D:3      | 2577 ||| Stepping ~*~*~tactically~*~*~ (hiding).
  2631 | D:3      | 2631 ||| DROPPING +0 whip.
  2643 | D:3      | Found a basalt altar of Yredelemnul.
  2694 | D:3      | 2694 ||| READING scroll labelled XOIWOT PAHO.
  2695 | D:3      | 2695 ||| DRINKING 2 grey potions.
  2696 | D:3      | 2696 ||| DRINKING 2 bubbling cyan potions.
  2697 | D:3      | 2697 ||| DROPPING potion of brilliance.
  2698 | D:3      | 2698 ||| Stepping randomly (stuck).
  2699 | D:3      | 2699 ||| Stepping randomly (stuck).
  2700 | D:3      | 2700 ||| Stepping randomly (stuck).
  2701 | D:3      | 2701 ||| Stepping randomly (stuck).
  2702 | D:3      | 2702 ||| Stepping randomly (stuck).
  2703 | D:3      | 2703 ||| Stepping randomly (stuck).
  2709 | D:3      | 2709 ||| Stepping randomly (stuck).
  2710 | D:3      | 2710 ||| Stepping randomly (stuck).
  2711 | D:3      | 2711 ||| Stepping randomly (stuck).
  2712 | D:3      | 2712 ||| Stepping randomly (stuck).
  2713 | D:3      | 2713 ||| Stepping randomly (stuck).
  2714 | D:3      | 2714 ||| Stepping randomly (stuck).
  2715 | D:3      | 2715 ||| Stepping randomly (stuck).
  2717 | D:3      | 2717 ||| Stepping randomly (stuck).
  2719 | D:3      | 2719 ||| Stepping randomly (stuck).
  2720 | D:3      | 2720 ||| Stepping randomly (stuck).
  2721 | D:3      | 2721 ||| Stepping randomly (stuck).
  2722 | D:3      | 2722 ||| Stepping randomly (stuck).
  2723 | D:3      | 2723 ||| Stepping randomly (stuck).
  2724 | D:3      | 2724 ||| Stepping randomly (stuck).
  2725 | D:3      | 2725 ||| Stepping randomly (stuck).
  2726 | D:3      | 2726 ||| Stepping randomly (stuck).
  2727 | D:3      | 2727 ||| Stepping randomly (stuck).
  2728 | D:3      | 2728 ||| Stepping randomly (stuck).
  2729 | D:3      | 2729 ||| Stepping randomly (stuck).
  2730 | D:3      | 2730 ||| Stepping randomly (stuck).
  2731 | D:3      | 2731 ||| Stepping randomly (stuck).
  2732 | D:3      | 2732 ||| Stepping randomly (stuck).
  2733 | D:3      | 2733 ||| Stepping randomly (stuck).
  2734 | D:3      | 2734 ||| Stepping randomly (stuck).
  2735 | D:3      | 2735 ||| Stepping randomly (stuck).
  2737 | D:3      | 2737 ||| Stepping randomly (stuck).
  2738 | D:3      | 2738 ||| Stepping randomly (stuck).
  2740 | D:3      | 2740 ||| Stepping randomly (stuck).
  2741 | D:3      | 2741 ||| Stepping randomly (stuck).
  2742 | D:3      | 2742 ||| Stepping randomly (stuck).
  2743 | D:3      | 2743 ||| Stepping randomly (stuck).
  2744 | D:3      | 2744 ||| Stepping randomly (stuck).
  2748 | D:3      | 2748 ||| Stepping randomly (stuck).
  2749 | D:3      | 2749 ||| Stepping randomly (stuck).
  2750 | D:3      | 2750 ||| Stepping randomly (stuck).
  2751 | D:3      | 2751 ||| Stepping randomly (stuck).
  2753 | D:3      | 2753 ||| Stepping randomly (stuck).
  2754 | D:3      | 2754 ||| Stepping randomly (stuck).
  2755 | D:3      | 2755 ||| Stepping randomly (stuck).
  2756 | D:3      | 2756 ||| Stepping randomly (stuck).
  2757 | D:3      | 2757 ||| Stepping randomly (stuck).
  2758 | D:3      | 2758 ||| Stepping randomly (stuck).
  2759 | D:3      | 2759 ||| Stepping randomly (stuck).
  2760 | D:3      | 2760 ||| Stepping randomly (stuck).
  2761 | D:3      | 2761 ||| Stepping randomly (stuck).
  2762 | D:3      | 2762 ||| Stepping randomly (stuck).
  2767 | D:3      | 2767 ||| Stepping randomly (stuck).
  2768 | D:3      | 2768 ||| Stepping randomly (stuck).
  2769 | D:3      | 2769 ||| Stepping randomly (stuck).
  2770 | D:3      | 2770 ||| Stepping randomly (stuck).
  2771 | D:3      | 2771 ||| Stepping randomly (stuck).
  2772 | D:3      | 2772 ||| Stepping randomly (stuck).
  2773 | D:3      | 2773 ||| Stepping randomly (stuck).
  2774 | D:3      | 2774 ||| Stepping randomly (stuck).
  2775 | D:3      | 2775 ||| Stepping randomly (stuck).
  2776 | D:3      | 2776 ||| Stepping randomly (stuck).
  2777 | D:3      | 2777 ||| Stepping randomly (stuck).
  2778 | D:3      | 2778 ||| Stepping randomly (stuck).
  2779 | D:3      | 2779 ||| Stepping randomly (stuck).
  2780 | D:3      | 2780 ||| Stepping randomly (stuck).
  2781 | D:3      | 2781 ||| Stepping randomly (stuck).
  2782 | D:3      | 2782 ||| Stepping randomly (stuck).
  2783 | D:3      | 2783 ||| Stepping randomly (stuck).
  2784 | D:3      | 2784 ||| Stepping randomly (stuck).
  2785 | D:3      | 2785 ||| Stepping randomly (stuck).
  2786 | D:3      | 2786 ||| Stepping randomly (stuck).
  2787 | D:3      | 2787 ||| Stepping randomly (stuck).
  2788 | D:3      | 2788 ||| Stepping randomly (stuck).
  2789 | D:3      | 2789 ||| Stepping randomly (stuck).
  2790 | D:3      | 2790 ||| Stepping randomly (stuck).
  2791 | D:3      | 2791 ||| Stepping randomly (stuck).
  2792 | D:3      | 2792 ||| Stepping randomly (stuck).
  2793 | D:3      | 2793 ||| Stepping randomly (stuck).
  2794 | D:3      | 2794 ||| Stepping randomly (stuck).
  2795 | D:3      | 2795 ||| Stepping randomly (stuck).
  2796 | D:3      | 2796 ||| Stepping randomly (stuck).
  2797 | D:3      | 2797 ||| Stepping randomly (stuck).
  2798 | D:3      | 2798 ||| Stepping randomly (stuck).
  2799 | D:3      | 2799 ||| Stepping randomly (stuck).
  2800 | D:3      | 2800 ||| Stepping randomly (stuck).
  2801 | D:3      | 2801 ||| Stepping randomly (stuck).
  2802 | D:3      | 2802 ||| Stepping randomly (stuck).
  2803 | D:3      | 2803 ||| Stepping randomly (stuck).
  2804 | D:3      | 2804 ||| Stepping randomly (stuck).
  2805 | D:3      | 2805 ||| Stepping randomly (stuck).
  2806 | D:3      | 2806 ||| Stepping randomly (stuck).
  2807 | D:3      | 2807 ||| Stepping randomly (stuck).
  2808 | D:3      | 2808 ||| Stepping randomly (stuck).
  2809 | D:3      | 2809 ||| Stepping randomly (stuck).
  2810 | D:3      | 2810 ||| Stepping randomly (stuck).
  2811 | D:3      | 2811 ||| Stepping randomly (stuck).
  2812 | D:3      | 2812 ||| Stepping randomly (stuck).
  2813 | D:3      | 2813 ||| Stepping randomly (stuck).
  2814 | D:3      | 2814 ||| Stepping randomly (stuck).
  2818 | D:3      | 2818 ||| Stepping randomly (stuck).
  2819 | D:3      | 2819 ||| Stepping randomly (stuck).
  2820 | D:3      | 2820 ||| Stepping randomly (stuck).
  2821 | D:3      | 2821 ||| Stepping randomly (stuck).
  2822 | D:3      | 2822 ||| Stepping randomly (stuck).
  2823 | D:3      | 2823 ||| Stepping randomly (stuck).
  2824 | D:3      | 2824 ||| Stepping randomly (stuck).
  2825 | D:3      | 2825 ||| Stepping randomly (stuck).
  2826 | D:3      | 2826 ||| Stepping randomly (stuck).
  2827 | D:3      | 2827 ||| Stepping randomly (stuck).
  2828 | D:3      | 2828 ||| Stepping randomly (stuck).
  2829 | D:3      | 2829 ||| Stepping randomly (stuck).
  2830 | D:3      | 2830 ||| Stepping randomly (stuck).
  2831 | D:3      | 2831 ||| Stepping randomly (stuck).
  2832 | D:3      | 2832 ||| Stepping randomly (stuck).
  2837 | D:3      | 2837 ||| Stepping randomly (stuck).
  2838 | D:3      | 2838 ||| Stepping randomly (stuck).
  2839 | D:3      | 2839 ||| Stepping randomly (stuck).
  2840 | D:3      | 2840 ||| Stepping randomly (stuck).
  2841 | D:3      | 2841 ||| Stepping randomly (stuck).
  2842 | D:3      | 2842 ||| Stepping randomly (stuck).
  2843 | D:3      | 2843 ||| Stepping randomly (stuck).
  2844 | D:3      | 2844 ||| Stepping randomly (stuck).
  2845 | D:3      | 2845 ||| Stepping randomly (stuck).
  2846 | D:3      | 2846 ||| Stepping randomly (stuck).
  2847 | D:3      | 2847 ||| Stepping randomly (stuck).
  2848 | D:3      | 2848 ||| Stepping randomly (stuck).
  2849 | D:3      | 2849 ||| Stepping randomly (stuck).
  2851 | D:3      | 2851 ||| Stepping randomly (stuck).
  2852 | D:3      | 2852 ||| Stepping randomly (stuck).
  2853 | D:3      | 2853 ||| Stepping randomly (stuck).
  2854 | D:3      | 2854 ||| Stepping randomly (stuck).
  2855 | D:3      | 2855 ||| Stepping randomly (stuck).
  2856 | D:3      | 2856 ||| Stepping randomly (stuck).
  2857 | D:3      | 2857 ||| Stepping randomly (stuck).
  2858 | D:3      | 2858 ||| Stepping randomly (stuck).
  2859 | D:3      | 2859 ||| Stepping randomly (stuck).
  2860 | D:3      | 2860 ||| Stepping randomly (stuck).
  2861 | D:3      | 2861 ||| Stepping randomly (stuck).
  2862 | D:3      | 2862 ||| Stepping randomly (stuck).
  2863 | D:3      | 2863 ||| Stepping randomly (stuck).
  2864 | D:3      | 2864 ||| Stepping randomly (stuck).
  2865 | D:3      | 2865 ||| Stepping randomly (stuck).
  2866 | D:3      | 2866 ||| Stepping randomly (stuck).
  2867 | D:3      | 2867 ||| Stepping randomly (stuck).
  2868 | D:3      | 2868 ||| Stepping randomly (stuck).
  2869 | D:3      | 2869 ||| Stepping randomly (stuck).
  2872 | D:3      | 2872 ||| Stepping randomly (stuck).
  2873 | D:3      | 2873 ||| Stepping randomly (stuck).
  2874 | D:3      | 2874 ||| Stepping randomly (stuck).
  2875 | D:3      | 2875 ||| Stepping randomly (stuck).
  2967 | D:3      | Found a radiant altar of Vehumet.
  3014 | D:3      | Reached XP level 6. HP: 33/35 MP: 10/10
  3684 | D:3      | 3684 ||| READING scroll labelled AZEUTONNYR.
  3685 | D:3      | 3685 ||| READING scroll labelled QIOLUS WIATSUH.
  3686 | D:3      | 3686 ||| Stepping randomly (stuck).
  3687 | D:3      | 3687 ||| Stepping ~*~*~tactically~*~*~ (cloud).
  3696 | D:3      | HP: 8/35 [poisoned by you (poison gas)]
  4233 | D:4      | Reached skill level 7 in Axes
  4250 | D:4      | 4250 ||| Stepping ~*~*~tactically~*~*~ (stealth).
  4259 | D:4      | 4259 ||| Stepping ~*~*~tactically~*~*~ (stealth).
  4276 | D:4      | 4276 ||| Stepping ~*~*~tactically~*~*~ (stealth).
  4324 | D:4      | Reached skill level 3 in Fighting
  4469 | D:4      | 4469 ||| Stepping ~*~*~tactically~*~*~ (stealth).
  4476 | D:4      | Reached XP level 7. HP: 41/41 MP: 11/11
  4481 | D:4      | Found an ornate altar of the Wu Jian Council.
  4528 | D:4      | 4528 ||| Stepping ~*~*~tactically~*~*~ (stealth).
  4569 | D:4      | 4569 ||| Stepping ~*~*~tactically~*~*~ (stealth).
  4601 | D:4      | Found a stormy altar of Qazlal.
  4603 | D:4      | Noticed an air elemental
  4603 | D:4      | Noticed a water elemental
  4605 | D:4      | Noticed a fire elemental
  4774 | D:4      | Reached skill level 8 in Axes
  5049 | D:4      | 5049 ||| UPGRADING to ring of protection from fire.
  5050 | D:4      | 5050 ||| READING scroll labelled EBLOEBL XINE.
  5051 | D:4      | 5051 ||| DRINKING 2 blue potions.
  5052 | D:4      | 5052 ||| READING 2 scrolls of identify.
  5052 | D:4      | 5052 ||| IDENTIFYING murky green potion
  5085 | D:5      | Entered Level 5 of the Dungeon
  5091 | D:5      | HP: 7/39 [wight/+1 halberd (9)]
  5091 | D:5      | HP: 3/37 [wight/+1 halberd (4)]
  5092 | D:5      | 5092 ||| DRINKING potion of heal wounds.
  5094 | D:5      | Slain by a wight

Levels and vault maps discovered:
D:1:      erik_arrival_triangle_small, layout_rooms,
          chequers_ecumenical_altar_twisty, serial_glass, glass_columns_b,
          glass_columns_b, glass_columns_c, minmay_indecisive_spiral
D:2:      cheibrodos_greedy_goblins, layout_basic, roderic_roman_lattice
D:3:      layout_basic, mainiacjoe_overflow_alcove_2, nicolae_vehumet_radiance,
          serial_co_window_serial, co_window_paths_a, co_window_paths_b,
          co_window_corner_a, co_window_of_opportunity_a,
          co_window_of_opportunity_a, co_window_corner_ca, co_window_paths_c,
          co_window_broadway_b, co_window_of_opportunity_c,
          co_window_of_opportunity_c, co_window_corner_b,
          co_window_of_opportunity_b, glass_columns_b, glass_columns_b,
          glass_columns_c, glass_columns_b, glass_columns_a
D:4:      layout_basic, nicolae_wu_jian_wuxing_cycle,
          nicolae_qazlal_style_of_elements, minmay_liquid_box
D:5:      layout_cave_pools, mainiacjoe_overflow_chevrons,
          mainiacjoe_overflow_big_doors, dk_noncrumbling_4,
          hangedman_abyss_or_decor_lesser_grid, hangedman_decor_opposing,
          uniq_crazy_yiuf_cottage

Skill      XL: |  1  2  3  4  5  6  7 |
---------------+----------------------+-----
Axes           | 3 4 5 6 7 8 |  8.1
Armour         | 2 |  2.0
Fighting       | 3 |  3.0
Throwing       | 2 |  2.2
Dodging        | |  2.1
Spellcasting   | |  2.0
Translocations | |  2.4

Action                   |  1- 3 |  4- 6 |  7- 9 || total
-------------------------+-------+-------+-------++-------
Melee: Hand axe          |    56 |    79 |    15 ||   150
       Kick              |    14 |    23 |     7 ||    44
       Peck              |     6 |    12 |     2 ||    20
Throw: Boomerang         |     7 |       |       ||     7
       Javelin           |       |    41 |     6 ||    47
  Use: Scroll            |     3 |     9 |     2 ||    14
       Potion            |       |     2 |     2 ||     4
Armor: Leather armour    |    14 |       |       ||    14
       Ring mail         |     1 |     5 |       ||     6
       Chain mail        |       |    17 |     3 ||    20
Dodge: Dodged            |    27 |     9 |     4 ||    40

Table legend:
 A = Non-vault XP
 B = Vault XP
 C = Vault XP percentage of total XP
 D = Non-vault monster count
 E = Vault monster count
 F = Vault count percentage of total count
                 A         B        C        D         E       F
            +---------+---------+-------+---------+---------+-------
      Total |     991 |      23 |   2.3 |      85 |      12 |  12.4
            +---------+---------+-------+---------+---------+-------
        D:1 |      40 |       7 |  14.9 |      16 |       4 |  20.0
        D:2 |      52 |      16 |  23.5 |      16 |       8 |  33.3
        D:3 |     219 |       0 |   0.0 |      27 |       0 |   0.0
        D:4 |     606 |       0 |   0.0 |      25 |       0 |   0.0
        D:5 |      74 |       0 |   0.0 |       1 |       0 |   0.0
            +---------+---------+-------+---------+---------+-------
